TOP OF THE 1ST |
Hickory Crawdads batting - Pitching for Beloit Snappers : RHP Jon Coakley
|
Pitching: RHP Jon Coakley
|
|
Batting: RHB Roberto Rodriguez
|
0-0: Ball 1-0: Called Strike 1-1: Swinging Strike 1-2: Strikes out swinging
|
Batting: RHB Danny Murillo
|
0-0: Ball 1-0: Foul Ball, location: 2F 1-1: Called Strike 1-2: Ball 2-2: SINGLE (Groundball, P, EV 88.1 MPH) (infield hit)
|
Batting: LHB Alfonso Collazo
|
0-0: Foul Ball, location: 2F 0-1: Foul Ball, location: 2F 0-2: Strikes out looking
|
Batting: SHB Todd Hewitt
|
0-0: Called Strike Danny Murillo steals 2nd base 0-1: Ball 1-1: Ball 2-1: Ball 3-1: Base on Balls
|
Batting: RHB Bill Turnbull
|
0-0: Foul Ball, location: 2F 0-1: Ball 1-1: Ball 2-1: Foul Ball, location: 2F 2-2: Ball 3-2: Fly out, F9 (Flyball, 9LD, EV 103.8 MPH)
|
Top of the 1st over - 0 runs, 1 hit, 0 errors, 2 left on base; Hickory 0 - Beloit 0 |
BOTTOM OF THE 1ST |
Beloit Snappers batting - Pitching for Hickory Crawdads : LHP Chris P. Bacon
|
Pitching: LHP Chris P. Bacon
|
|
Batting: LHB Nate Melendez
|
0-0: Ball 1-0: Called Strike 1-1: Ball 2-1: TRIPLE (Line Drive, 89XD, EV 106.9 MPH)
|
Batting: RHB Moses Brokken
|
0-0: Called Strike 0-1: Ball 1-1: Foul Ball, location: 2F 1-2: SINGLE (Groundball, 5S, EV 71.2 MPH) (infield hit) Nate Melendez scores
|
Batting: RHB Walt Alaniz
|
0-0: Called Strike 0-1: Ball 1-1: SINGLE (Line Drive, 56, EV 108.1 MPH) Moses Brokken to second
|
Batting: RHB Manny Moron
|
0-0: Called Strike 0-1: Ball 1-1: Called Strike 1-2: Foul Ball, location: 2F 1-2: Fielders Choice at 2nd, 4-6 (Groundball, 4, EV 91.2 MPH) Moses Brokken to third
|
Batting: LHB Alejandro Muniz
|
0-0: Ball 1-0: Called Strike Manny Moron is caught stealing 2nd base 2-6 1-1: Fly out, F7 (Flyball, 78S, EV 88.1 MPH)
|
Bottom of the 1st over - 1 run, 3 hits, 0 errors, 1 left on base; Hickory 0 - Beloit 1 |
TOP OF THE 2ND |
Hickory Crawdads batting - Pitching for Beloit Snappers : RHP Jon Coakley
|
Batting: RHB Austin Mickelson
|
0-0: Ball 1-0: Foul Ball, location: 2F 1-1: Ball 2-1: Fly out, F8 (Flyball, 8LS, EV 85.0 MPH)
|
Batting: RHB Shoh Tanioka
|
0-0: Ground out 5-3 (Groundball, 5D, EV 106.9 MPH)
|
Batting: RHB Zach Thomason
|
0-0: Swinging Strike 0-1: Foul Ball, location: 2F 0-2: Ground out 4-3 (Groundball, 4, EV 98.8 MPH)
|
Top of the 2nd over - 0 runs, 0 hits, 0 errors, 0 left on base; Hickory 0 - Beloit 1 |
BOTTOM OF THE 2ND |
Beloit Snappers batting - Pitching for Hickory Crawdads : LHP Chris P. Bacon
|
Batting: RHB Chris Temple
|
0-0: Fly out, F7 (Flyball, 78S, EV 90.0 MPH)
|
Batting: RHB Jason Dove
|
0-0: Ball 1-0: Called Strike 1-1: Ball 2-1: Ground out 4-3 (Groundball, 4, EV 110.6 MPH)
|
Batting: RHB Jamie Jennings
|
0-0: Swinging Strike 0-1: Swinging Strike 0-2: Fly out, F8 (Flyball, 8RS, EV 90.0 MPH)
|
Bottom of the 2nd over - 0 runs, 0 hits, 0 errors, 0 left on base; Hickory 0 - Beloit 1 |
TOP OF THE 3RD |
Hickory Crawdads batting - Pitching for Beloit Snappers : RHP Jon Coakley
|
Batting: RHB Eduardo Chavez
|
0-0: Ball 1-0: Called Strike 1-1: Reached on error, E5 (Groundball, 56S, EV 81.2 MPH)
|
Batting: RHB Roberto Rodriguez
|
0-0: Ball 1-0: Foul Ball, location: 2F 1-1: Ball 2-1: Foul Ball, location: 2F 2-2: Strikes out swinging
|
Batting: RHB Danny Murillo
|
0-0: Called Strike Eduardo Chavez steals 3rd base 0-1: Ball 1-1: Ball 2-1: Foul Ball, location: 2F 2-2: Ground out 5-3 (Groundball, 56, EV 100.0 MPH) Eduardo Chavez scores
|
Batting: LHB Alfonso Collazo
|
0-0: Foul Ball, location: 2F 0-1: Foul Ball, location: 2F 0-2: Foul Ball, location: 2F 0-2: Fly out, F7 (Flyball, 7, EV 90.6 MPH)
|
Top of the 3rd over - 1 run, 0 hits, 1 error, 0 left on base; Hickory 1 - Beloit 1 |
BOTTOM OF THE 3RD |
Beloit Snappers batting - Pitching for Hickory Crawdads : LHP Chris P. Bacon
|
Batting: RHB Tim Anderson
|
0-0: Called Strike 0-1: Called Strike 0-2: Foul Ball, location: 2F 0-2: Ball 1-2: Fly out, F5 (Line Drive, 56, EV 68.8 MPH)
|
Batting: LHB Nate Melendez
|
0-0: Ball 1-0: SINGLE (Line Drive, 3D, EV 98.1 MPH)
|
Batting: RHB Moses Brokken
|
0-0: Called Strike 0-1: Called Strike 0-2: Ball 1-2: Foul Ball, location: 2F 1-2: Fly out, F8 (Line Drive, 8RD, EV 102.5 MPH)
|
Batting: RHB Walt Alaniz
|
0-0: Called Strike 0-1: Ground out 5-3 (Groundball, 56, EV 108.8 MPH)
|
Bottom of the 3rd over - 0 runs, 1 hit, 0 errors, 1 left on base; Hickory 1 - Beloit 1 |
TOP OF THE 4TH |
Hickory Crawdads batting - Pitching for Beloit Snappers : RHP Jon Coakley
|
Batting: SHB Todd Hewitt
|
0-0: Fly out, F7 (Flyball, 7LSF, EV 79.4 MPH)
|
Batting: RHB Bill Turnbull
|
0-0: Ball 1-0: Ball 2-0: Fly out, F9 (Flyball, 9LSF, EV 91.2 MPH)
|
Batting: RHB Austin Mickelson
|
0-0: Swinging Strike 0-1: Ball 1-1: Ball 2-1: Foul Ball, location: 2F 2-2: Fly out, F8 (Line Drive, 8LM, EV 103.1 MPH)
|
Top of the 4th over - 0 runs, 0 hits, 0 errors, 0 left on base; Hickory 1 - Beloit 1 |
BOTTOM OF THE 4TH |
Beloit Snappers batting - Pitching for Hickory Crawdads : LHP Chris P. Bacon
|
Batting: RHB Manny Moron
|
0-0: Called Strike 0-1: Ball 1-1: Called Strike 1-2: Foul Ball, location: 2F 1-2: Foul Ball, location: 2F 1-2: Foul Ball, location: 2F 1-2: Strikes out swinging
|
Batting: LHB Alejandro Muniz
|
0-0: Ground out 4-3 (Groundball, 34, EV 100.6 MPH)
|
Batting: RHB Chris Temple
|
0-0: Ball 1-0: Foul Ball, location: 2F 1-1: Ball 2-1: Called Strike 2-2: Ball 3-2: Strikes out looking
|
Bottom of the 4th over - 0 runs, 0 hits, 0 errors, 0 left on base; Hickory 1 - Beloit 1 |
TOP OF THE 5TH |
Hickory Crawdads batting - Pitching for Beloit Snappers : RHP Jon Coakley
|
Batting: RHB Shoh Tanioka
|
0-0: Called Strike 0-1: Ball 1-1: Swinging Strike 1-2: Strikes out swinging
|
Batting: RHB Zach Thomason
|
0-0: Ball 1-0: Foul Ball, location: 2F 1-1: Foul Ball, location: 2F 1-2: Foul Ball, location: 2F 1-2: Foul Ball, location: 2F 1-2: Fly out, F8 (Flyball, 8RM, EV 88.8 MPH)
|
Batting: RHB Eduardo Chavez
|
0-0: Ball 1-0: Ball 2-0: Called Strike 2-1: Foul Ball, location: 2F 2-2: Strikes out swinging
|
Top of the 5th over - 0 runs, 0 hits, 0 errors, 0 left on base; Hickory 1 - Beloit 1 |
BOTTOM OF THE 5TH |
Beloit Snappers batting - Pitching for Hickory Crawdads : LHP Chris P. Bacon
|
Batting: RHB Jason Dove
|
0-0: Called Strike 0-1: Fly out, F6 (Popup, 6, EV 64.4 MPH)
|
Batting: RHB Jamie Jennings
|
0-0: Ball 1-0: Called Strike 1-1: Ball 2-1: Ball 3-1: SINGLE (Groundball, 56D, EV 105.0 MPH)
|
Batting: RHB Tim Anderson
|
0-0: Grounds into double play, U6-3 (Groundball, 4M, EV 108.8 MPH)
|
Bottom of the 5th over - 0 runs, 1 hit, 0 errors, 0 left on base; Hickory 1 - Beloit 1 |
TOP OF THE 6TH |
Hickory Crawdads batting - Pitching for Beloit Snappers : RHP Jon Coakley
|
Batting: RHB Roberto Rodriguez
|
0-0: Swinging Strike 0-1: Ball 1-1: Ball 2-1: Swinging Strike 2-2: Strikes out swinging
|
Batting: RHB Danny Murillo
|
0-0: Called Strike 0-1: Ground out 5-3 (Groundball, 5S, EV 67.5 MPH)
|
Batting: LHB Alfonso Collazo
|
0-0: Ball 1-0: Ball 2-0: Foul Ball, location: 2F 2-1: Foul Ball, location: 2F 2-2: SINGLE (Groundball, 4MD, EV 97.5 MPH)
|
Batting: SHB Todd Hewitt
|
0-0: Ball 1-0: Called Strike 1-1: Called Strike 1-2: Foul Ball, location: 2F 1-2: Fly out, F7 (Flyball, 78D, EV 91.9 MPH)
|
Top of the 6th over - 0 runs, 1 hit, 0 errors, 1 left on base; Hickory 1 - Beloit 1 |
BOTTOM OF THE 6TH |
Beloit Snappers batting - Pitching for Hickory Crawdads : LHP Chris P. Bacon
|
Batting: LHB Nate Melendez
|
0-0: Called Strike 0-1: Ball 1-1: Ball 2-1: Called Strike 2-2: Fly out, F7 (Flyball, 7, EV 90.0 MPH)
|
Batting: RHB Moses Brokken
|
0-0: Ball 1-0: Called Strike 1-1: Foul Ball, location: 2F 1-2: Strikes out looking
|
Batting: RHB Walt Alaniz
|
0-0: Foul Ball, location: 2F 0-1: Ball 1-1: Foul Ball, location: 2F 1-2: Foul Ball, location: 2F 1-2: Foul Ball, location: 2F 1-2: Ground out 6-3 (Groundball, 6, EV 88.8 MPH)
|
Bottom of the 6th over - 0 runs, 0 hits, 0 errors, 0 left on base; Hickory 1 - Beloit 1 |
TOP OF THE 7TH |
Hickory Crawdads batting - Pitching for Beloit Snappers : RHP Jon Coakley
|
Batting: RHB Bill Turnbull
|
0-0: Ball 1-0: Called Strike 1-1: Ground out 6-3 (Groundball, 6MS, EV 83.1 MPH)
|
Batting: RHB Austin Mickelson
|
0-0: Called Strike 0-1: Foul Ball, location: 2F 0-2: SINGLE (Groundball, 6S, EV 65.0 MPH) (infield hit)
|
Pitching: RHP Kyle Rasor
|
|
Pinch Hitting: LHB Jose Chinchilla
|
0-0: Ball 1-0: SINGLE (Groundball, 56D, EV 97.5 MPH) Austin Mickelson to second
|
Batting: RHB Zach Thomason
|
0-0: Foul Ball, location: 2F 0-1: Swinging Strike 0-2: Foul Ball, location: 2F 0-2: Ball 1-2: Foul Ball, location: 2F 1-2: Ball 2-2: Ball 3-2: Fly out, F8 (Flyball, 89D, EV 100.6 MPH)
|
Pinch Hitting: LHB Matt Sigurdson
|
0-0: Ball 1-0: Ball 2-0: Ball 3-0: Called Strike 3-1: Base on Balls Austin Mickelson to third Jose Chinchilla to second
|
Batting: RHB Roberto Rodriguez
|
0-0: Swinging Strike 0-1: Foul Ball, location: 2F 0-2: Strikes out swinging
|
Top of the 7th over - 0 runs, 2 hits, 0 errors, 3 left on base; Hickory 1 - Beloit 1 |
BOTTOM OF THE 7TH |
Beloit Snappers batting - Pitching for Hickory Crawdads : LHP Chris P. Bacon
|
Now at 2B: Darnell Jones
|
|
Now at 3B: Jose Chinchilla
|
|
Now at SS: Zach Thomason
|
|
Batting: RHB Manny Moron
|
0-0: Called Strike 0-1: Fly out, F4 (Popup, 13, EV 89.4 MPH)
|
Batting: LHB Alejandro Muniz
|
0-0: Ball 1-0: Foul Ball, location: 2F 1-1: Ball 2-1: Ball 3-1: SINGLE (Groundball, 4MD, EV 106.9 MPH)
|
Batting: RHB Chris Temple
|
0-0: Ball 1-0: Ball 2-0: SINGLE (Groundball, 56D, EV 104.4 MPH) Alejandro Muniz to second
|
Batting: RHB Jason Dove
|
0-0: Ball 1-0: Ball 2-0: Foul Ball, location: 2F 2-1: Swinging Strike 2-2: Strikes out looking
|
Batting: RHB Jamie Jennings
|
0-0: Fielders Choice at 2nd, 5-4 (Groundball, 56, EV 88.8 MPH)
|
Bottom of the 7th over - 0 runs, 2 hits, 0 errors, 2 left on base; Hickory 1 - Beloit 1 |
TOP OF THE 8TH |
Hickory Crawdads batting - Pitching for Beloit Snappers : RHP Kyle Rasor
|
Pitching: RHP Tony Contreras
|
|
Batting: RHB Danny Murillo
|
0-0: Called Strike 0-1: SINGLE (Line Drive, 78M, EV 86.9 MPH)
|
Pitching: LHP Alex Shannon
|
|
Pinch Hitting: RHB Jorge Benites
|
0-0: Ball 1-0: Grounds into double play, 4-6-3 (Groundball, 4, EV 82.5 MPH)
|
Batting: SHB Todd Hewitt
|
0-0: Called Strike 0-1: Called Strike 0-2: Ball 1-2: Ball 2-2: Ground out 5-3 (Groundball, 56, EV 80.6 MPH)
|
Top of the 8th over - 0 runs, 1 hit, 0 errors, 0 left on base; Hickory 1 - Beloit 1 |
BOTTOM OF THE 8TH |
Beloit Snappers batting - Pitching for Hickory Crawdads : LHP Chris P. Bacon
|
Now in LF: Jorge Benites
|
|
Batting: RHB Tim Anderson
|
0-0: Foul Ball, location: 2F 0-1: SINGLE (Groundball, 6MD, EV 98.1 MPH)
|
Batting: LHB Nate Melendez
|
0-0: Ball 1-0: Sac Bunt to 23 - play at first, batter OUT! 3-4 Tim Anderson to second
|
Batting: RHB Moses Brokken
|
0-0: Ball 1-0: Swinging Strike 1-1: Foul Ball, location: 2F 1-2: Ball 2-2: Strikes out swinging
|
Pitching: LHP Harry Tuckfard
|
|
Batting: RHB Walt Alaniz
|
0-0: Fly out, F7 (Flyball, 7D, EV 101.2 MPH)
|
Bottom of the 8th over - 0 runs, 1 hit, 0 errors, 1 left on base; Hickory 1 - Beloit 1 |
TOP OF THE 9TH |
Hickory Crawdads batting - Pitching for Beloit Snappers : LHP Alex Shannon
|
Batting: RHB Bill Turnbull
|
0-0: Swinging Strike 0-1: Called Strike 0-2: TRIPLE (Flyball, 9D, EV 98.1 MPH)
|
Batting: RHB Austin Mickelson
|
0-0: Intentional Walk
|
Pinch Hitting: RHB Aaron Moore
|
0-0: Called Strike 0-1: Called Strike 0-2: Ball 1-2: Ball 2-2: Strikes out swinging
|
Batting: RHB Zach Thomason
|
0-0: Ball 1-0: Fly out, F9 (Flyball, 89M, EV 92.5 MPH) Runner from 3rd tags up, OUT at HOME! 9-2
|
Top of the 9th over - 0 runs, 1 hit, 0 errors, 1 left on base; Hickory 1 - Beloit 1 |
BOTTOM OF THE 9TH |
Beloit Snappers batting - Pitching for Hickory Crawdads : LHP Harry Tuckfard
|
Now at 1B: Aaron Moore
|
|
Now at 3B: Bill Turnbull
|
|
Batting: RHB Manny Moron
|
0-0: Ball 1-0: Foul Ball, location: 2F 1-1: Ball 2-1: SINGLE (Flyball, 4D, EV 93.8 MPH)
|
Batting: RHB Shannon Beck
|
0-0: Called Strike 0-1: Ball 1-1: Swinging Strike 1-2: Strikes out swinging
|
Batting: RHB Chris Temple
|
0-0: Ball Manny Moron steals 2nd base 1-0: Foul Ball, location: 2F 1-1: Ground out 5-3 (Groundball, 56S, EV 65.6 MPH) Manny Moron to third
|
Batting: RHB Jason Dove
|
0-0: Foul Ball, location: 2F 0-1: Ball 1-1: Ground out 5-3 (Groundball, 56, EV 102.5 MPH)
|
Bottom of the 9th over - 0 runs, 1 hit, 0 errors, 1 left on base; Hickory 1 - Beloit 1 |
TOP OF THE 10TH |
Hickory Crawdads batting - Pitching for Beloit Snappers : LHP Alex Shannon
|
Batting: RHB Darnell Jones
|
0-0: Ball 1-0: TRIPLE (Groundball, 3L, EV 103.1 MPH)
|
Batting: RHB Roberto Rodriguez
|
0-0: Ball 1-0: Ball 2-0: Called Strike 2-1: Swinging Strike 2-2: Ball 3-2: Base on Balls
|
Batting: RHB Danny Murillo
|
0-0: Called Strike 0-1: Ball Roberto Rodriguez steals 2nd base (no throw) 1-1: Called Strike 1-2: Ball 2-2: Ball 3-2: SINGLE (Groundball, 34D, EV 106.9 MPH) Darnell Jones scores Roberto Rodriguez to third Runner from 3rd tries for Home, SAFE, throw by RF to home Danny Murillo to second
|
Pitching: RHP Carlos Pichardo
|
|
Batting: RHB Jorge Benites
|
0-0: Foul Ball, location: 2F 0-1: Ground out 4-3 (Groundball, 34, EV 84.4 MPH) Danny Murillo to third
|
Batting: SHB Todd Hewitt
|
0-0: Called Strike 0-1: Swinging Strike 0-2: Strikes out swinging
|
Batting: RHB Bill Turnbull
|
0-0: Foul Ball, location: 2F 0-1: Foul Ball, location: 2F 0-2: Strikes out swinging
|
Top of the 10th over - 2 runs, 2 hits, 0 errors, 1 left on base; Hickory 3 - Beloit 1 |
BOTTOM OF THE 10TH |
Beloit Snappers batting - Pitching for Hickory Crawdads : LHP Harry Tuckfard
|
Pitching: RHP Victor Benitez
|
|
Now at 1B: Aaron Graham
|
|
Now in LF: Cesar Martinez
|
|
Batting: RHB Jamie Jennings
|
0-0: Ball 1-0: Called Strike 1-1: Fly out, F7 (Flyball, 78D, EV 95.6 MPH)
|
Pinch Hitting: LHB Oscar Curiel
|
0-0: Ball 1-0: Called Strike 1-1: Foul Ball, location: 2F 1-2: SINGLE (Line Drive, 56D, EV 105.0 MPH)
|
Batting: LHB Nate Melendez
|
0-0: Ball 1-0: Called Strike 1-1: Fly out, F8 (Flyball, 8RD, EV 93.8 MPH)
|
Pinch Hitting: LHB Roscoe Romaine
|
0-0: Ball 1-0: 2-RUN HOME RUN (Line Drive, 89XD, EV 115.6 MPH), Distance : 450 ft
|
Batting: RHB Walt Alaniz
|
0-0: Ball 1-0: Called Strike 1-1: Foul Ball, location: 2F 1-2: Ball 2-2: Strikes out swinging
|
Bottom of the 10th over - 2 runs, 2 hits, 0 errors, 0 left on base; Hickory 3 - Beloit 3 |
TOP OF THE 11TH |
Hickory Crawdads batting - Pitching for Beloit Snappers : RHP Carlos Pichardo
|
Now at SS: Emiel Schlepers
|
|
Now in LF: Marcus Pollard
|
|
Now in RF: Walt Alaniz
|
|
Batting: RHB Austin Mickelson
|
0-0: Called Strike 0-1: Ball 1-1: Ground out 6-3 (Groundball, 6, EV 83.1 MPH)
|
Batting: RHB Aaron Graham
|
0-0: Ball 1-0: Ball 2-0: Ball 3-0: Base on Balls
|
Batting: RHB Zach Thomason
|
0-0: Swinging Strike 0-1: Ball 1-1: Called Strike 1-2: Foul Ball, location: 2F 1-2: Foul Ball, location: 2F 1-2: Foul Ball, location: 2F 1-2: Fielders Choice at 2nd, 2-4 (Groundball, 2L, EV 74.4 MPH)
|
Batting: RHB Darnell Jones
|
0-0: Ball 1-0: Foul Ball, location: 2F 1-1: Ball 2-1: Fly out, F6 (Popup, 6, EV 63.8 MPH)
|
Top of the 11th over - 0 runs, 0 hits, 0 errors, 1 left on base; Hickory 3 - Beloit 3 |
BOTTOM OF THE 11TH |
Beloit Snappers batting - Pitching for Hickory Crawdads : RHP Victor Benitez
|
Batting: RHB Manny Moron
|
0-0: Ball 1-0: Ground out 4-3 (Groundball, 4, EV 105.0 MPH)
|
Batting: RHB Shannon Beck
|
0-0: Swinging Strike 0-1: SINGLE (Groundball, 56D, EV 103.8 MPH)
|
Batting: RHB Chris Temple
|
0-0: Called Strike 0-1: SINGLE (Line Drive, 56D, EV 96.9 MPH) Shannon Beck to second
|
Batting: RHB Jason Dove
|
0-0: Ball 1-0: Called Strike 1-1: Grounds into double play, 5-4-3 (Groundball, 56, EV 84.4 MPH)
|
Bottom of the 11th over - 0 runs, 2 hits, 0 errors, 1 left on base; Hickory 3 - Beloit 3 |
TOP OF THE 12TH |
Hickory Crawdads batting - Pitching for Beloit Snappers : RHP Carlos Pichardo
|
Batting: RHB Roberto Rodriguez
|
0-0: Ball 1-0: Ball 2-0: Called Strike 2-1: Foul Ball, location: 2F 2-2: SINGLE (Line Drive, 56D, EV 94.4 MPH)
|
Batting: RHB Danny Murillo
|
0-0: Bunted foul 0-1: Ball 1-1: Bunted foul 1-2: SINGLE (Groundball, 6MD, EV 101.9 MPH) Roberto Rodriguez to second
|
Pitching: RHP Felix Carranza
|
|
Batting: RHB Cesar Martinez
|
0-0: Foul Ball, location: 2F 0-1: Ball 1-1: Called Strike 1-2: Ball 2-2: Strikes out swinging
|
Batting: SHB Todd Hewitt
|
0-0: DOUBLE (Line Drive, 9LS, EV 110.0 MPH) Roberto Rodriguez scores Danny Murillo to third Runner from 3rd tries for Home, throw by RF and OUT! 9-4-2
|
Batting: RHB Bill Turnbull
|
0-0: Called Strike 0-1: Ball 1-1: Ball 2-1: Ball 3-1: Ground out U3 (Groundball, 34, EV 85.6 MPH)
|
Top of the 12th over - 1 run, 3 hits, 0 errors, 1 left on base; Hickory 4 - Beloit 3 |
BOTTOM OF THE 12TH |
Beloit Snappers batting - Pitching for Hickory Crawdads : RHP Victor Benitez
|
Pitching: RHP Kouchiro Yamaguchi
|
|
Batting: RHB Jamie Jennings
|
0-0: Called Strike 0-1: Ball 1-1: Fly out, F9 (Flyball, 9LD, EV 100.0 MPH)
|
Batting: LHB Marcus Pollard
|
0-0: Ball 1-0: Ground out 4-3 (Groundball, 4, EV 105.6 MPH)
|
Batting: LHB Nate Melendez
|
0-0: Ball 1-0: Ground out 6-3 (Groundball, 56, EV 102.5 MPH)
|
Bottom of the 12th over - 0 runs, 0 hits, 0 errors, 0 left on base; Hickory 4 - Beloit 3 |
|